[Event "Caplin Hastings Masters 2023-24"]
[Site "Hastings"]
[Date "2023.12.30"]
[Round "3.37"]
[White "Blades, Kit"]
[Black "Gordon, Sean"]
[Result "1-0"]
[ECO "B22"]
[WhiteElo "1771"]
[BlackElo "1968"]
[Annotator "NA RC"]
[PlyCount "103"]
[EventDate "2023.12.18"]
[EventType "swiss"]
[EventCountry "ENG"]
[SourceTitle "playchess.com"]
[Source "ChessBase"]
[SourceQuality "1"]
[TimeControl "40/6000+30:3000+30"]

1. e4 c5 2. Nf3 e6 3. c3 Nf6 4. e5 Nd5 5. d4 cxd4 6. cxd4 d6 7. Nc3 Nxc3 8. bxc3 Nc6 9. Bd3 dxe5 10. dxe5 Be7 11. Qe2 Bd7 12. O-O Qc7 13. Bf4 O-O 14. Rfe1 Qa5 15. Rab1 b6 16. Nd2 Rac8 17. Qh5 g6 18. Qh6 Qxc3 19. Ne4 Qd4 20. Bg5 Qxe5 21. Nf6+ Bxf6 22. Rxe5 Bxe5 23. Rd1 Bg7 24. Qh3 Nb4 25. Be7 Nxd3 26. Qxd3 Ba4 27. Bxf8 Bxd1 28. Bxg7 Be2 29. Qd2 Kxg7 30. h4 Bc4 31. Qd7 Rc5 32. Qxa7 Bd5 33. Qxb6 Rc4 34. h5 gxh5 35. Qe3 Kg6 36. Qd3+ Kg7 37. Qd1 Rg4 38. f3 Rb4 39. a4 f6 40. a5 Rb2 41. a6 Ra2 42. Qd3 h4 43. Kh2 Ra1 44. Qb5 Kg6 45. Qe8+ Kg7 46. Qe7+ Kg6 47. a7 f5 48. Qe8+ Kg7 49. Qb8 Kh6 50. Qf8+ Kg6 51. Qg8+ Kh6 52. f4 1-0

[Event "Caplin Hastings Masters 2023-24"]
[Site "Hastings"]
[Date "2023.12.30"]
[Round "3.38"]
[White "Park, Inchan"]
[Black "Batchelor, Paul A"]
[Result "1/2-1/2"]
[ECO "E65"]
[WhiteElo "1768"]
[BlackElo "1937"]
[Annotator "RC"]
[PlyCount "129"]
[EventDate "2023.12.18"]
[EventType "swiss"]
[EventCountry "ENG"]
[SourceTitle "playchess.com"]
[Source "ChessBase"]
[SourceQuality "1"]
[TimeControl "40/6000+30:3000+30"]

1. d4 Nf6 2. Nf3 g6 3. g3 Bg7 4. Bg2 O-O 5. O-O d6 6. b3 c5 7. Bb2 cxd4 8. Nxd4 a6 9. c4 Qc7 10. Nc3 Nbd7 11. Rc1 Nb6 12. h3 Bd7 13. Qd2 Rac8 14. Rfd1 Rfd8 15. a4 Qb8 16. e4 h5 17. f4 Kh7 18. Rf1 Rf8 19. Rce1 e5 20. Nf3 exf4 21. Qxf4 Be6 22. Qh4 Rce8 23. Ng5+ Kg8 24. Nd5 Nfxd5 25. Bxg7 Kxg7 26. cxd5 Bd7 27. g4 f6 28. Nf3 hxg4 29. hxg4 Rh8 30. Qg3 Qa7 31. Rf2 Nc8 32. Qf4 Ref8 33. g5 Qb6 34. gxf6+ Rxf6 35. Qg5 Rhf8 36. Ref1 Qc5 37. Nh4 Ne7 38. Bf3 Qd4 39. Rd1 Qe5 40. Qxe5 dxe5 41. Rc2 Rf4 42. Rc7 Rd8 43. Rxb7 Rxh4 44. Rc1 Ng8 45. Rcc7 Nf6 46. Ra7 Rf4 47. Bg2 Kf8 48. Rxa6 Ke8 49. Rc4 Rb8 50. b4 Nxd5 51. b5 Ne3 52. Rb4 Ke7 53. Rxg6 Rf6 54. Rg3 Nc2 55. Rb2 Nd4 56. Bh3 Be8 57. Rc3 Bg6 58. Rc7+ Ke8 59. a5 Rxb5 60. Rxb5 Nxb5 61. Rc5 Nd4 62. Rxe5+ Kf8 63. Kg2 Nb3 64. Bc8 Nxa5 65. Rxa5 1/2-1/2

[Event "Caplin Hastings Masters 2023-24"]
[Site "Hastings"]
[Date "2023.12.30"]
[Round "3.39"]
[White "Moracchini, Margaux"]
[Black "Alcindor, Samuel"]
[Result "0-1"]
[ECO "B10"]
[WhiteElo "1922"]
[BlackElo "1714"]
[Annotator "RC"]
[PlyCount "99"]
[EventDate "2023.12.18"]
[EventType "swiss"]
[EventCountry "ENG"]
[SourceTitle "playchess.com"]
[Source "ChessBase"]
[SourceQuality "1"]
[TimeControl "40/6000+30:3000+30"]

1. e4 c6 2. d3 d5 3. Nf3 dxe4 4. dxe4 Qxd1+ 5. Kxd1 Bg4 6. Be3 Nd7 7. c3 e6 8. Kc2 Ngf6 9. Nfd2 Bh5 10. f3 Bg6 11. Nb3 Bd6 12. N1d2 O-O 13. g4 Nd5 14. Nc4 Nxe3+ 15. Nxe3 Bc7 16. Rd1 Ne5 17. Be2 Rad8 18. Nc4 Nxg4 19. fxg4 Bxe4+ 20. Kc1 Bf4+ 21. Ncd2 Bxh1 22. Rxh1 Rd7 23. Kc2 Rfd8 24. Ne4 Rd5 25. Bc4 Re5 26. Nf2 a5 27. Nd4 Be3 28. Nf3 Rc5 29. Nd1 Rxc4 30. Nxe3 Rf4 31. Nd2 Rf2 32. Nef1 f5 33. gxf5 exf5 34. Rg1 Kf7 35. Rg3 Re8 36. Rd3 Re1 37. Ne3 f4 38. Nec4 Rxh2 39. Nxa5 g5 40. Nxb7 h5 41. a4 g4 42. Kb3 Ree2 43. Nc4 f3 44. Rd4 Kg6 45. a5 Kg5 46. a6 f2 47. a7 f1=Q 48. a8=Q Qf6 49. Qg8+ Kh4 50. Nbd6 0-1

[Event "Caplin Hastings Masters 2023-24"]
[Site "Hastings"]
[Date "2023.12.30"]
[Round "3.40"]
[White "Fryer, David W"]
[Black "Butt, Laurence"]
[Result "1-0"]
[ECO "B00"]
[WhiteElo "1914"]
[BlackElo "1688"]
[Annotator "NA RC"]
[PlyCount "103"]
[EventDate "2023.12.18"]
[EventType "swiss"]
[EventCountry "ENG"]
[SourceTitle "playchess.com"]
[Source "ChessBase"]
[SourceQuality "1"]
[TimeControl "40/6000+30:3000+30"]

1. e4 Nc6 2. Nf3 f5 3. d3 d6 4. Nc3 Nf6 5. h3 e5 6. g3 Be7 7. Bg2 O-O 8. O-O h6 9. Nd5 Be6 10. Nxe7+ Qxe7 11. Nh4 Qd7 12. exf5 Bxf5 13. Nxf5 Qxf5 14. c3 Rab8 15. Be3 Ne7 16. Bxa7 Rbd8 17. Be3 d5 18. Qe2 Ng6 19. a4 Rfe8 20. Bd2 e4 21. d4 h5 22. b4 h4 23. Be3 Qe6 24. g4 Qd6 25. g5 Nd7 26. f4 exf3 27. Qxf3 c6 28. a5 Re7 29. Bd2 Ndf8 30. Rf2 Rde8 31. Raf1 Ne6 32. Qh5 Nef8 33. Qg4 Ne6 34. Qf5 Nef8 35. Bf4 Nxf4 36. Qxf4 Qxf4 37. Rxf4 Re3 38. Rf7 R3e7 39. Rxe7 Rxe7 40. b5 Ne6 41. g6 Nc7 42. Rf7 Rxf7 43. gxf7+ Kxf7 44. a6 Nxa6 45. bxa6 bxa6 46. Bf3 Ke6 47. Kf2 a5 48. Bd1 Kd6 49. Ke3 c5 50. Kf4 cxd4 51. cxd4 Ke6 52. Kg5 1-0

[Event "Caplin Hastings Masters 2023-24"]
[Site "Hastings"]
[Date "2023.12.30"]
[Round "3.41"]
[White "Keely, Leo A"]
[Black "Nainika, Gupta"]
[Result "0-1"]
[ECO "B09"]
[WhiteElo "1908"]
[BlackElo "1543"]
[Annotator "NA RC"]
[PlyCount "102"]
[EventDate "2023.12.18"]
[EventType "swiss"]
[EventCountry "ENG"]
[SourceTitle "playchess.com"]
[Source "ChessBase"]
[SourceQuality "1"]
[TimeControl "40/6000+30:3000+30"]

1. e4 d6 2. d4 Nf6 3. Nc3 g6 4. f4 Bg7 5. Nf3 O-O 6. Bd3 Na6 7. O-O c5 8. d5 Qa5 9. Kh1 Bd7 10. Bd2 Qc7 11. e5 dxe5 12. Nxe5 Nb4 13. Bc4 Bf5 14. Nb5 Qb6 15. Bxb4 cxb4 16. Qd4 Qxd4 17. Nxd4 Be4 18. a3 bxa3 19. Rxa3 Bxd5 20. Be2 a6 21. Ndf3 Rad8 22. c4 Be6 23. c5 Nd5 24. g3 f6 25. Nd3 Nc7 26. c6 bxc6 27. Nc5 Bd5 28. Kg1 e5 29. Nxa6 Nxa6 30. Rxa6 exf4 31. gxf4 Rfe8 32. Bd1 Bc4 33. Rxc6 Bxf1 34. Bb3+ Kf8 35. Kxf1 Re3 36. Rc3 Rxc3 37. bxc3 Rd3 38. Nd4 Rxc3 39. f5 gxf5 40. Ne6+ Ke7 41. Nxg7 Rxb3 42. Nxf5+ Kf7 43. Kg2 Kg6 44. Ng3 f5 45. Kf2 Kg5 46. Ne2 Kg4 47. Nd4 Rb2+ 48. Kg1 f4 49. Ne6 Rd2 50. h3+ Kg3 51. Kf1 f3 0-1

[Event "Caplin Hastings Masters 2023-24"]
[Site "Hastings"]
[Date "2023.12.30"]
[Round "3.43"]
[White "Rastogi, Nayan Keats"]
[Black "Suez-Panama, Gilles"]
[Result "1/2-1/2"]
[ECO "C11"]
[WhiteElo "1662"]
[BlackElo "1868"]
[Annotator "NA"]
[PlyCount "53"]
[EventDate "2023.12.18"]
[EventType "swiss"]
[EventCountry "ENG"]
[SourceTitle "playchess.com"]
[Source "ChessBase"]
[SourceQuality "1"]
[TimeControl "40/6000+30:3000+30"]

1. e4 e6 2. d4 d5 3. Nc3 Nf6 4. e5 Ng8 5. f4 c5 6. Nf3 Nc6 7. Be3 cxd4 8. Nxd4 Nh6 9. Qd2 Bb4 10. a3 Ba5 11. b4 Bb6 12. Nxc6 bxc6 13. Na4 Bxe3 14. Qxe3 O-O 15. Be2 Nf5 16. Qf2 f6 17. exf6 Qxf6 18. O-O Qd4 19. Qxd4 Nxd4 20. Bd3 a5 21. Nc5 axb4 22. axb4 Rxa1 23. Rxa1 Rxf4 24. c3 Nb5 25. Bxb5 cxb5 26. Ra8 Rf8 27. Ra5 1/2-1/2

[Event "Caplin Hastings Masters 2023-24"]
[Site "Hastings"]
[Date "2023.12.30"]
[Round "3.44"]
[White "ONUOHA, Obioma"]
[Black "Metcalfe, Charlie P"]
[Result "1-0"]
[ECO "C01"]
[WhiteElo "1995"]
[BlackElo "1760"]
[Annotator "NA"]
[PlyCount "81"]
[EventDate "2023.12.18"]
[EventType "swiss"]
[EventCountry "ENG"]
[SourceTitle "playchess.com"]
[Source "ChessBase"]
[SourceQuality "1"]
[TimeControl "40/6000+30:3000+30"]

1. e4 e6 2. d4 d5 3. exd5 exd5 4. Nf3 Nc6 5. Be2 Bd6 6. O-O Nf6 7. Bg5 O-O 8. Nc3 Ne7 9. Bxf6 gxf6 10. Re1 c6 11. Bd3 Bf5 12. Nh4 Bxd3 13. Qxd3 Qd7 14. Qf3 Ng6 15. Nf5 Bf4 16. Qg4 Kh8 17. Re7 Qc8 18. Rae1 Bd6 19. R7e3 Rg8 20. Rh3 Rg7 21. f3 Qf8 22. Nxg7 Qxg7 23. Qd7 Bf4 24. Ne2 Bd2 25. Rd1 Be3+ 26. Kh1 Qg8 27. Qf5 Qd8 28. Ng3 Bg5 29. Nh5 Qe7 30. f4 Qe2 31. Rg1 Nh4 32. Nxf6 Qh5 33. Nxh5 Nxf5 34. fxg5 Nxd4 35. c3 Ne6 36. Rg3 Nc5 37. Nf6 Kg7 38. h4 h6 39. Rf1 Rd8 40. gxh6+ Kxh6 41. Rf5 1-0

[Event "Caplin Hastings Masters 2023-24"]
[Site "Hastings"]
[Date "2023.12.30"]
[Round "3.45"]
[White "Prudent, Sylvio"]
[Black "Ruane, Brendan J"]
[Result "0-1"]
[ECO "A01"]
[WhiteElo "1639"]
[BlackElo "1823"]
[Annotator "NA RC"]
[PlyCount "90"]
[EventDate "2023.12.18"]
[EventType "swiss"]
[EventCountry "ENG"]
[SourceTitle "playchess.com"]
[Source "ChessBase"]
[SourceQuality "1"]
[TimeControl "40/6000+30:3000+30"]

1. b3 e5 2. Bb2 Nc6 3. e3 Nf6 4. Nf3 Bd6 5. c4 Qe7 6. Be2 O-O 7. O-O Re8 8. d3 Qd8 9. Nc3 Bf8 10. e4 d6 11. h3 g6 12. Bc1 Nd4 13. Bg5 c6 14. Qd2 Ne6 15. Bh4 Bg7 16. Kh1 Qc7 17. Rac1 Nf4 18. Nh2 Nd7 19. Bg4 Nc5 20. Bg5 Ncxd3 21. Rcd1 h5 22. Bxc8 Raxc8 23. g3 Nxh3 24. Be3 Nc5 25. Kg2 Nf4+ 26. gxf4 exf4 27. Bxf4 Nxe4 28. Nxe4 Rxe4 29. Bxd6 Qd7 30. Qc2 Qf5 31. Kh1 Rce8 32. Qd3 Qe6 33. Bc5 b6 34. Be3 Rh4 35. Bg5 Rh3 36. Qd2 Qf5 37. Kg2 Re5 38. Bf4 Re4 39. Bg3 h4 40. Qd8+ Kh7 41. Qd7 Re6 42. Qd3 Re4 43. Qd7 Rxh2+ 44. Bxh2 h3+ 45. Kg3 Rg4+ 0-1

[Event "Caplin Hastings Masters 2023-24"]
[Site "Hastings"]
[Date "2023.12.30"]
[Round "3.46"]
[White "Kim, Sumin"]
[Black "Larkin, Benjamin"]
[Result "0-1"]
[ECO "D91"]
[WhiteElo "1358"]
[BlackElo "1814"]
[Annotator "NA"]
[PlyCount "75"]
[EventDate "2023.12.18"]
[EventType "swiss"]
[EventCountry "ENG"]
[SourceTitle "playchess.com"]
[Source "ChessBase"]
[SourceQuality "1"]
[TimeControl "40/6000+30:3000+30"]

1. d4 Nf6 2. c4 g6 3. Nc3 d5 4. Nf3 Bg7 5. Bg5 Ne4 6. cxd5 Nxg5 7. Nxg5 e6 8. Qd2 exd5 9. Qe3+ Kf8 10. Qf4 Bf6 11. h4 c6 12. e4 h6 13. Nxf7 Kxf7 14. e5 Re8 15. O-O-O Kg7 16. exf6+ Qxf6 17. Qxf6+ Kxf6 18. Be2 b6 19. Rhe1 Be6 20. Rd3 Bf5 21. Rf3 Kg7 22. Rg3 Nd7 23. Kd2 Nf6 24. b4 Ne4+ 25. Nxe4 Rxe4 26. Bd3 Rxd4 27. Kc3 Rxd3+ 28. Rxd3 Bxd3 29. Kxd3 Kf7 30. g4 Re8 31. Rxe8 Kxe8 32. Kd4 Ke7 33. b5 cxb5 34. Kxd5 b4 35. f4 a5 36. Kc4 h5 37. g5 Ke6 38. Kd4 0-1

[Event "Caplin Hastings Masters 2023-24"]
[Site "Hastings"]
[Date "2023.12.30"]
[Round "3.47"]
[White "Damodaran, Patrick"]
[Black "Dewangan, Aayush"]
[Result "1/2-1/2"]
[ECO "D86"]
[WhiteElo "1798"]
[BlackElo "1655"]
[Annotator "NA"]
[PlyCount "120"]
[EventDate "2023.12.18"]
[EventType "swiss"]
[EventCountry "ENG"]
[SourceTitle "playchess.com"]
[Source "ChessBase"]
[SourceQuality "1"]
[TimeControl "40/6000+30:3000+30"]

1. d4 Nf6 2. c4 g6 3. Nc3 d5 4. cxd5 Nxd5 5. e4 Nxc3 6. bxc3 Bg7 7. Bc4 O-O 8. Ne2 Nc6 9. Be3 b6 10. O-O Bb7 11. f4 Qd6 12. f5 Na5 13. Bd3 Rad8 14. Nf4 e5 15. fxe6 fxe6 16. Qg4 e5 17. Qe6+ Kh8 18. Qxd6 cxd6 19. Ne6 Rxf1+ 20. Rxf1 Rd7 21. d5 h6 22. Bb5 Re7 23. Nd8 Kg8 24. Bc1 a6 25. Nxb7 Nxb7 26. Bxa6 Nc5 27. Bb5 Nxe4 28. c4 Nc5 29. Be3 g5 30. Bxc5 bxc5 31. a4 e4 32. Kf2 e3+ 33. Ke2 Bc3 34. Rf3 Kg7 35. Rf1 Rf7 36. Rxf7+ Kxf7 37. Kxe3 Kf6 38. Kf3 h5 39. Be8 h4 40. Kg4 Bd2 41. Kh5 Bc3 42. Kh6 Bd2 43. Kh7 Ke7 44. Bh5 Bf4 45. a5 Kd7 46. Be8+ Kc7 47. h3 Kb7 48. Bb5 Bd2 49. Kg6 Bxa5 50. Kxg5 Be1 51. Kf6 Bg3 52. Ba4 Ka8 53. Bd1 Ka7 54. Bf3 Kb7 55. Kf5 Ka7 56. Ke4 Kb7 57. Kd3 Kc7 58. Bh5 Kd7 59. Ke4 Ke7 60. Kf5 Kd7 1/2-1/2

[Event "Caplin Hastings Masters 2023-24"]
[Site "Hastings"]
[Date "2023.12.31"]
[Round "4.1"]
[White "Nielsen, Andre"]
[Black "Zhang, Pengxiang"]
[Result "0-1"]
[ECO "C13"]
[WhiteElo "2239"]
[BlackElo "2558"]
[Annotator "TA"]
[PlyCount "114"]
[EventDate "2023.12.18"]
[EventType "swiss"]
[EventCountry "ENG"]
[SourceTitle "playchess.com"]
[Source "ChessBase"]
[SourceQuality "1"]
[TimeControl "40/6000+30:3000+30"]

1. e4 e6 2. d4 d5 3. Nc3 Nf6 4. Bg5 dxe4 5. Nxe4 Be7 6. Nxf6+ Bxf6 7. Bxf6 Qxf6 8. Nf3 O-O 9. Qd3 {[%emt 0:00:21] is the new trend. C13: French: Classical System: 4 Bg5 Be7, Alekhine-Chatard Attack.} c5 10. O-O-O ({Reject} 10. dxc5 Qxb2 11. Qd4 Qxd4 12. Nxd4 e5 $15) 10... Rd8 11. Qe4 {[%emt 0:00:45] The position is equal.} Nc6 12. Bd3 Qh6+ 13. Kb1 cxd4 14. Rhe1 Bd7 15. g4 {[%emt 0:01:08] [#]} Nb4 $146 {[%emt 0:11:07] Strongly threatening ...Bc6.} (15... Re8 $5 ) ({Predecessor:} 15... Rac8 16. g5 Qh5 17. a3 Re8 18. Nxd4 Nxd4 19. Qxd4 Bc6 20. h4 e5 21. Qxa7 Bf3 {½-½ Kevlishvili,R (2535)-Ozenir,E (2391) Fort Lauderdale 1000 GM GM 11 2023 (1)}) 16. Nxd4 Bc6 17. Nxc6 Nxc6 18. Bb5 (18. Qg2 $11) 18... Qxh2 $17 19. f4 {[%emt 0:12:30] [#]} Rxd1+ $1 20. Rxd1 Rd8 $40 {[%emt 0:00:03][%mdl 128] Black goes for the king.} 21. Rxd8+ Nxd8 {[%emt 0:00:01][%mdl 4096] Endgame KQB-KQN} 22. Qf3 {[%emt 0:12:48] aiming for Qd1.} Qg1+ 23. Bf1 g6 24. a4 {[%emt 0:01:46] [#]} h5 $1 25. gxh5 gxh5 26. Ka2 Qd4 ({Better is} 26... Nc6 {And now ...Qg4 would win.} 27. Bg2 Nb4+ 28. Kb3 Nd5) 27. b3 Nc6 (27... Qc5 $142 28. c3 Nc6) 28. f5 $2 {[%emt 0:02:13] This costs White the game.} (28. Qxh5 $17 Qxf4 29. Qh3) 28... Qg4 $19 29. Be2 exf5 ({Inferior is} 29... Qxf5 30. Qxf5 exf5 31. Bxh5 $17) 30. Qe3 {[%emt 0:00:09] Wards off Nd4} Qe4 31. Qg5+ Kf8 32. Bd3 (32. Qh6+ {is a better defense.} Ke8 33. Qh8+ Ke7 34. Bd3 Nb4+ 35. Ka3 Nxd3 36. cxd3 Qxd3 37. Qxh5) 32... Nb4+ 33. Ka3 Nxd3 34. Qd8+ {[%emt 0:00:25] [#]} Qe8 $1 35. Qxd3 {[%emt 0:00:06] KQ-KQ} Qe7+ 36. Ka2 Qf6 37. Qf3 f4 38. Qxh5 f3 {[%emt 0:00:08] ...f2 would be deadly.} 39. Qc5+ Kg7 40. Qg1+ Qg6 41. Qd4+ f6 42. Qd7+ Kh6 43. Qh3+ Qh5 44. Qg3 (44. Qe6 Kg5 45. Qe3+ Kh4 46. Qf2+ Kh3 47. Qf1+ Kg4 48. Qg1+ Kf5 49. Qf2) 44... Qf5 45. Qh4+ Kg6 {[%emt 0:00:12] Hoping for ...f2.} 46. Qg3+ Kh5 47. Qh2+ Kg4 {[%emt 0:00:06] White must now prevent ...Qc5.} 48. Qg1+ Kf4 49. Qd4+ (49. Qf2 $142 Qe4 50. Qh4+ Kf5 51. Qh3+ Qg4 52. Qf1) 49... Qe4 50. Qxf6+ Ke3 51. Qg5+ Ke2 52. Qb5+ Kd2 53. Qa5+ Kd1 {[%emt 0:04:00] ( -> ...f2)} 54. Qxa7 Qxc2+ {[%emt 0:02:27] Black mates.} 55. Ka3 Qc1+ 56. Ka2 Qd2+ 57. Ka3 f2 {[%emt 0:00:23] Weighted Error Value: White=0.65/Black=0.05 (flawless)} 0-1

[Event "Caplin Hastings Masters 2023-24"]
[Site "Hastings"]
[Date "2023.12.31"]
[Round "4.2"]
[White "Laurent-Paoli, Pierre"]
[Black "Royal, Shreyas"]
[Result "1/2-1/2"]
[ECO "C78"]
[WhiteElo "2524"]
[BlackElo "2438"]
[Annotator "TA"]
[PlyCount "94"]
[EventDate "2023.12.18"]
[EventType "swiss"]
[EventCountry "ENG"]
[SourceTitle "playchess.com"]
[Source "ChessBase"]
[SourceQuality "1"]
[TimeControl "40/6000+30:3000+30"]

1. e4 e5 2. Nf3 Nc6 3. Bb5 a6 4. Ba4 Nf6 5. O-O b5 6. Bb3 Bc5 7. a4 Rb8 8. c3 d6 9. d4 Bb6 10. a5 {[%emt 0:01:14] C78: Ruy Lopez: Archangelsk and Möller Defences.} Ba7 (10... Bxa5 $2 11. dxe5 (11. d5 Ne7 $18) 11... dxe5 12. Qxd8+ Kxd8 13. Bd5 (13. Bxf7 Bb6 $16) 13... Nxd5 14. exd5 $18) 11. h3 Bb7 12. Be3 Nxe4 13. Re1 exd4 14. Bg5 Ne7 {[%emt 0:00:45] White must now prevent ...0-0.} 15. Nbd2 d5 {[%emt 0:01:27] Strongly threatening ...Nxg5.} (15... Nxg5 16. Nxg5 d5 17. Qh5 $14) 16. Nxe4 (16. Nxd4 $2 Nxg5 17. Qh5 Bxd4 18. cxd4 h6 $19) 16... dxe4 17. Nxd4 {[%emt 0:00:05] [#]} Qd6 $146 ({Predecessor:} 17... c5 18. Nf5 Qxd1 19. Nxg7+ Kf8 20. Raxd1 Kxg7 21. Bxe7 c4 22. Bc2 e3 23. fxe3 Bc6 {1-0 Niedbala,B (2407)-Bizhigitov,Z (2261) Wch U18 Mamaia 2022 (9)}) 18. Be3 Ra8 19. Qh5 O-O 20. Rad1 {[%emt 0:05:09][%cal Od4b5] Nxb5! would be deadly.} Qf6 21. Qg4 Rfe8 22. Qd7 Rac8 23. Qg4 (23. Ne2 $11 {deserves consideration.} Bb8 24. Ng3) 23... c5 (23... Qg6 {simplifies} 24. Nf5 Qxf5 25. Qxf5 Nxf5 26. Bxa7 Bc6) 24. Bg5 Qg6 25. Nxb5 axb5 $17 26. Rd7 h5 27. Qh4 (27. Qf4 $17 c4 28. Rxb7) 27... c4 $1 $19 ({Don't play} 27... Nf5 28. Bxf7+ Qxf7 29. Rxf7 Nxh4 30. Rxb7 $18) 28. Rxb7 Nf5 29. Qf4 {[%emt 0:00:15] Threatens to win with Bd1.} Bb8 30. Rxb8 Rxb8 31. Bc2 {[%emt 0:00:08] [#]} f6 $1 32. Bh4 Nxh4 33. Qxh4 f5 34. Rd1 Qh6 {[%emt 0:01:56] aiming for ...g5.} 35. Rd5 Qc1+ 36. Bd1 Rf8 ({Inferior is} 36... Qxb2 37. Bxh5 Rf8 38. Bg6 Qc1+ 39. Kh2 $11) 37. Kh2 Rf6 {[%emt 0:02:12] Against Rd6} ({Not} 37... Qxb2 38. Bxh5 Rf6 39. a6 $11) ({Black should try} 37... Qh6 38. b4 Qe6) 38. Bxh5 g5 39. Qg3 {[%emt 0:00:01] [#]} Qf4 40. Be2 (40. Qxf4 $142 gxf4 41. g3) 40... Kf7 $2 {[%emt 0:01:10] [#]} (40... Kf8 $17 {...Ke7 is the strong threat.} 41. Rd7 Rf7) 41. Rxb5 $1 $11 {[%emt 0:04:07] The position is equal.} Rc8 (41... Qxg3+ {simplifies} 42. fxg3 Rc8 43. Rb4 Rfc6) 42. a6 Rxa6 {[%emt 0:08:05] Hoping for ...Kg6.} 43. Qxf4 gxf4 44. Rxf5+ Rf6 45. Re5 f3 46. gxf3 exf3 47. Bf1 Rb6 {[%emt 0:00:23] Black had all chances to win. An interesting game.   Weighted Error Value: White=0.15 (very precise) /Black=0.14 (very precise)} 1/2-1/2

[Event "Caplin Hastings Masters 2023-24"]
[Site "Hastings"]
[Date "2023.12.31"]
[Round "4.3"]
[White "Gupta, Abhijeet"]
[Black "Cherniaev, Alexander"]
[Result "1/2-1/2"]
[ECO "E16"]
[WhiteElo "2596"]
[BlackElo "2381"]
[Annotator "TA"]
[PlyCount "194"]
[EventDate "2023.12.18"]
[EventType "swiss"]
[EventCountry "ENG"]
[SourceTitle "playchess.com"]
[Source "ChessBase"]
[SourceQuality "1"]
[TimeControl "40/6000+30:3000+30"]

1. d4 d5 2. c4 e6 3. Nf3 Nf6 4. g3 Bb4+ 5. Nbd2 O-O 6. Bg2 b6 7. O-O Bb7 8. b3 {[%emt 0:00:29] E16: Queen's Indian: 4 g3 Bb7 5 Bg2 Bb4+.} a5 9. Bb2 a4 10. a3 Bxd2 11. Nxd2 axb3 12. Rc1 {[%emt 0:00:14] [#]} Nc6 $146 ({Predecessor:} 12... Nbd7 13. Nxb3 Qc8 14. cxd5 Bxd5 15. f3 Qa6 16. e4 Bc4 17. Rf2 c5 18. dxc5 bxc5 {½-½ Straka,J (2075)-Perrin,R (2137) WS TT/6/20/3 email 2020}) 13. Qxb3 Na5 14. Qc2 c6 15. Rfe1 Ba6 16. cxd5 cxd5 17. Bc3 Re8 18. e4 Nc4 19. e5 Nd7 20. Nxc4 Bxc4 21. Bb4 Qg5 22. h4 Qg6 23. Qd1 {[%emt 0:00:54] And now Rxc4 would win.} b5 24. Rc3 (24. h5 {seems wilder.} Qd3 25. Qg4 Qf5 26. Qxf5 exf5 27. Bh3) 24... f6 (24... Nb8 $142) 25. h5 Qf7 26. f4 {[%emt 0:03:01] Black is weak on the dark squares} ({White should play} 26. g4 $16) 26... Kh8 27. Rce3 f5 28. g4 fxg4 (28... Nb8 $1 $14) 29. Qxg4 $16 g6 (29... Nb8 $16) 30. hxg6 $18 Qxg6 31. Qxg6 hxg6 32. Kf2 Kg7 33. Rg3 Kf7 34. Rg1 (34. Bh3 $18) 34... Rh8 $16 35. Ke3 Rag8 36. Bh3 {[%emt 0:02:39][%cal Oh3e6] Strongly threatening Bxe6+!} Bb3 $2 {[%emt 0:05:19][%mdl 8192] [#]} (36... Re8 $16) 37. Bg4 $2 (37. Bxe6+ $1 $18 {is the precise move to win.} Kxe6 38. Rxg6+ Rxg6 39. Rxg6+ Kf5 40. Rg5+ Ke6 41. f5+ Kf7 42. Rg6) 37... Bc2 38. Be2 {[%emt 0:01:18] This pair of bishops is nice.} ({White should try} 38. Rc1 $16 Rc8 39. Rh3 Rxh3+ 40. Bxh3) 38... Nb6 $1 $11 39. Rc1 Rc8 40. Bc5 Bf5 41. Bxb5 Rh2 42. a4 (42. Ba6 $5 Ra8 43. Bxb6 Rxa6 44. Rc7+ Kg8 45. Rc8+ Kh7 46. Rc7+ Kg8 47. Rc8+ Kh7 48. Rc7+ Kg8 $14) 42... Ra2 43. Rgg1 {[%emt 0:00:00] [#]} Rh8 $1 {[%emt 0:05:00] ( -> ...Rh3+)} 44. Rh1 (44. Bxb6 $2 {is a self mate.} Rh3+) 44... Rxh1 45. Rxh1 Nc4+ 46. Bxc4 dxc4 {[%emt 0:00:02][%mdl 4096] Endgame KRB-KRB} 47. Rh7+ Kg8 48. Rc7 c3 49. Bb4 c2 50. a5 Ra1 51. Bd2 Ra3+ 52. Ke2 Bd3+ 53. Kf2 Be4 {[%emt 0:02:19] [#] Against d5} (53... Bf5 $11) 54. d5 $1 $16 {[%emt 0:00:00][%mdl 64] Deflection} Bxd5 55. Rxc2 Kf7 56. Rc7+ Ke8 57. Ke2 Kd8 58. Rg7 Be4 59. Bb4 Ra4 60. Bc5 Kc8 61. Bb6 Ra3 62. Kd2 Kb8 63. Rd7 Bf5 64. Re7 Kc8 65. Ke2 Kb8 66. Rc7 {[%emt 0:00:00] White is more active.} Be4 67. Kd2 Bf5 68. Re7 Kc8 $1 69. Ke2 Kb8 $1 70. Kf2 Kc8 71. Bc7 Bg4 72. Bd6 (72. Kg2 $16) 72... Rxa5 $11 {[%emt 0:00:11] The position is equal.} 73. Kg3 Bf5 74. Kh4 Rb5 75. Rc7+ Kd8 76. Kg5 Rb1 77. Kf6 Rf1 78. Rc4 Kd7 79. Bb4 Rf3 80. Ba5 Ra3 81. Rc5 Ra4 82. Kf7 Ra2 83. Bb6 {[%emt 0:00:38] Black must now prevent Rc7+.} Ra6 84. Rc7+ Kd8 85. Rc6+ Kd7 86. Rd6+ Kc8 87. Ke7 Kb7 88. Bd4 Rc6 89. Bf2 Rc7+ 90. Kf6 Rc6 91. Be1 Rc4 92. Bd2 Rc6 93. Rd4 Kb6 94. Ke7 Rc7+ 95. Kd8 {[%emt 0:00:06] Rb4+ would be deadly.} Rh7 96. Bb4 Kc6 97. Rd6+ Kb5 {[%emt 0:00:14] Black escapes into a draw.   Weighted Error Value: White=0.19 (very precise) /Black=0.19 (very precise)} 1/2-1/2

[Event "Caplin Hastings Masters 2023-24"]
[Site "Hastings"]
[Date "2023.12.31"]
[Round "4.4"]
[White "Boyer, Mahel"]
[Black "Lagarde, Maxime"]
[Result "1/2-1/2"]
[ECO "D94"]
[WhiteElo "2427"]
[BlackElo "2640"]
[Annotator "TA"]
[PlyCount "36"]
[EventDate "2023.12.18"]
[EventType "swiss"]
[EventCountry "ENG"]
[SourceTitle "playchess.com"]
[Source "ChessBase"]
[SourceQuality "1"]
[TimeControl "40/6000+30:3000+30"]

1. Nf3 Nf6 2. c4 g6 3. d4 Bg7 4. Nc3 d5 5. e3 O-O 6. cxd5 Nxd5 7. Bc4 Nb6 8. Bb3 c5 9. O-O cxd4 10. exd4 Bg4 11. d5 N8d7 12. h3 Bxf3 13. Qxf3 a5 {[%emt 0:07:26] D94: Grünfeld: 4 Nf3 Bg7 5 e3.} 14. a3 Nc5 15. Ba2 {[%emt 0:00:36] [#]} Qd7 $146 ({Predecessor:} 15... Nba4 16. Nxa4 Nxa4 17. Re1 Ra6 18. Bg5 Bf6 19. Bxf6 exf6 20. b4 Qd6 21. Bb3 Nb6 {½-½ Fernandez Gonzalez,J (2385)-Nogueiras Santiago,J (2435) Aniversario Radio Rebelde 1979 (8)}) 16. Re1 Rfe8 17. Bg5 h6 (17... Nc8 $11) 18. Bh4 $14 Nc8 {[%emt 0:10:31] Black got outplayed after the opening.   Weighted Error Value: White=0.04 (flawless) /Black=0.19 (very precise)} 1/2-1/2